Map: [M] Oceanborn

Players

Dolan - Winner!

  • Race: Terran Terran
  • Spawn Location: 5:00

Patches

  • Race: Terran Terran
  • Spawn Location: 11:00

Event: ESL Spring 2024 Finals

VOD

Have the link to the VOD?

Description

Time

  • Played on: May 31, 2024, 5:52 p.m.
  • Length: 3:44

All games in this series

Show
View Real Time Build Order
Export as new Build Order

Dolan Terran - Winner!

Build Orders: 1/1/1 

Get SALT Encoding   

  12  0:00  SCV  
  13  0:12  SCV  
  14  0:16  Supply Depot  
  14  0:24  SCV  
  15  0:38  SCV, Barracks  
  15  0:42  Refinery  
  16  0:50  SCV  
  16  0:51  Refinery  
  17  1:02  SCV  
  18  1:14  SCV  
  19  1:25  Reaper  
  20  1:26  Orbital Command  
  20  1:30  Supply Depot  
  20  1:41  Factory  
  20  1:50  Bunker  
  20  1:55  SCV  
  20  1:59  Reaper  
  22  2:07  SCV  
  23  2:22  SCV  
  24  2:26  Starport, Hellion  
  26  2:33  Supply Depot  
  26  2:34  SCV, Reaper  
  28  2:48  Factory Tech Lab  
  28  2:52  SCV  
  29  3:07  Siege Tank  
  29  3:08  Marine  
  29  3:09  Starport Tech Lab  
  33  3:30  SCV  
  33  3:31  Command Center  
Show
View Real Time Build Order
Export as new Build Order

Patches Terran 

Build Orders: Cyclone Opening 

Get SALT Encoding   

  12  0:00  SCV  
  13  0:12  SCV  
  14  0:17  Supply Depot  
  14  0:24  SCV  
  15  0:29  Refinery  
  15  0:38  SCV  
  16  0:45  Barracks  
  16  0:50  SCV  
  16  0:56  Refinery  
  17  1:03  SCV  
  18  1:18  Barracks  
  18  1:35  Factory  
  18  1:41  Reaper  
  19  1:49  Orbital Command  
  19  2:06  Reaper  
  20  2:14  Reaper  
  21  2:21  Cyclone  
  23  2:25  Supply Depot  
  23  2:46  SCV, Reaper  
  23  2:48  Reaper  
  25  2:58  Cyclone  
Tags
 
Add a new tag
Caveats
  • Supply blocks, unpowered buildings, or Contaminate may cause inaccurate times.
  • Supply counts are checked every 10 seconds.